AoeStats
← eLROMPECATRE

Arabia

509620322Analyzed
1v1 RM · 6d ago on Sep 27, 2026· 61m 0s· 2 players
Game mode
Random Map
Map size
Tiny (2 player)
Population
200
Speed
Normal
Resources
Standard
Victory
Conquest
Starting age
Dark Age
Ending age
Imperial Age
RankedLock teamsTeams togetherTeam positionsShared explorationLock speedFull tech treeHidden civsTurbo modeCheats
Victory
Defeat
🇸🇪 Portuguese · Sweden
792
+14
🇦🇺 Celts · Australia
746
-14
eLROMPECATRE
2:09 Loom
10:28 Feudal Age
10:57 Double-Bit Axe
11:10 Town Watch
11:19 Horse Collar
13:31 Wheelbarrow
14:05 Man-at-Arms
17:56 Forging
17:46 Scale Mail Armor
21:10 Gold Mining
25:31 Castle Age
24:46 Stone Mining
26:51 Long Swordsman
27:18 Gambesons
27:46 Town Patrol
28:02 Hand Cart
28:47 Iron Casting
28:28 Chain Mail Armor
39:07 Heavy Plow
39:43 Gold Shaft Mining
39:49 Stone Shaft Mining
43:18 Imperial Age
46:49 Blast Furnace
46:20 Plate Mail Armor
46:47 Two-Handed Swordsman
49:33 Capped Ram
50:19 Elite Woad Raider
50:53 Champion
54:08 Bow Saw
IsaacPewton
7:54 Loom
9:49 Feudal Age
10:31 Double-Bit Axe
18:28 Castle Age
17:22 Fletching
18:54 Crossbowman
26:10 Bodkin Arrow
26:25 Padded Archer Armor
28:23 Wheelbarrow
27:41 Stone Mining
27:48 Horse Collar
32:01 Hand Cart
33:09 Ballistics
39:37 Imperial Age
38:57 Leather Archer Armor
40:19 Bracer
46:28 Ring Archer Armor
50:27 Chemistry
51:37 Gold Mining
52:00 Bow Saw
52:28 Arquebus
56:52 Elite Organ Gun
60:42 Thumb Ring
Connection lost

Rejoining the realm…

Still unreachable

The connection could not be restored.

Session expired

The server has moved on; the page needs a fresh start.